 Dungeon Crawl Stone Soup version 0.30-a0-715-gdb4ae3ece1 (webtiles) character file.

Game seed: 6696825775506695632

274 demibob the Cleaver (level 6, 0/51 HPs)
             Began as a Hill Orc Fighter on Jan 25, 2023.
             Succumbed to a hornet's poison
             ... on level 4 of the Dungeon.
             The game lasted 00:04:05 (2652 turns).

demibob the Cleaver (Hill Orc Fighter)              Turns: 2652, Time: 00:04:05

Health: 0/51       AC:  8    Str: 21    XL:     6   Next: 24%
Magic:  6/6        EV:  9    Int:  8    God:
Gold:   142        SH:  0    Dex: 10    Spells: 5/5 levels left

rFire   . . .      SeeInvis .    a - +1 war axe (flame)
rCold   . . .      Faith    .    (no shield)
rNeg    . . .      Spirit   .    b - +0 scale mail
rPois   .          Reflect  .    (no helmet)
rElec   .          Harm     .    (no cloak)
rCorr   .          Rampage  .    j - +0 pair of gloves
Will    .....                    (no boots) Stlth
                                 (no amulet)
HPRegen 0.28/turn                (no ring)
MPRegen 0.10/turn                (no ring)

@: lethally poisoned (0 -> -1), slowed, very slow
A: no striking features
a: no special abilities


You were on level 4 of the Dungeon.
You visited 1 branch of the dungeon, and saw 4 of its levels.

You collected 142 gold pieces.


   Skills:
 - Level 3.6 Fighting
 + Level 8.4 Axes
 - Level 3.2 Armour
 - Level 3.2 Shields


You had 5 spell levels left.
You didn't know any spells.
Your spell library contained the following spells:

 Spells                   Type           Power      Damage    Failure   Level
 Sandblast                Erth           0%         2d4       75%         1
 Shock                    Conj/Air       0%         1d3       75%         1
 Passwall                 Tmut/Erth      0%         N/A       87%         2
 Static Discharge         Conj/Air       0%         2-2/arc   87%         2
 Stone Arrow              Conj/Erth      0%         3d7       98%         3
 Swiftness                Air            0%         N/A       98%         3
 Vhi's Electric Charge    Tloc/Air       0%         N/A       98%         3
 Airstrike                Air            0%         2d(0-16)  100%        4
 Arcjolt                  Conj/Air       0%         1d10      100%        5
 Lightning Bolt           Conj/Air       0%         1d11      100%        5

Inventory:

Hand Weapons
 a - a +1 war axe of flaming (weapon)
Missiles
 g - 18 poisoned darts (quivered)
Armour
 b - a +0 scale mail (worn)
 j - a +0 pair of gloves (worn)
Wands
 i - a wand of roots (7)
Potions
 c - 2 potions of heal wounds {unknown}
 e - 2 potions of attraction
 f - 3 potions of flight {unknown}
 k - 2 potions of haste {unknown}
 l - a potion of ambrosia {unknown}

Dungeon Overview and Level Annotations

Branches:
Dungeon (4/15)
 Temple: D:4-7

Altars:

Shops:
D:2

[ .#..###...##
##...............#
....##....##
#...............##
....##.....###.............###
....##...#..#.............##
....###.###.............###
.##..#### ##..........###
####.# ##.......### #.##
#.....### #..# #######)@###
##.###........y{### #
#..........###h{o#....
#####....####### #{go.....
...##.#### #.o.....)).
.......# #...o........
.......# #..............
#.†)...## #..............
##>.....# #..............


You could see a hornet, a howler monkey (catching breath), 2 orcs and a
hobgoblin.


Message History

You feel very sick.
The howler monkey hoots and howls with incredible vigour!
The hornet barely misses you. x2
You hear an angry growl.
You hear a shout!
You hear a bark!
You hear an angry hiss.
You slash the hornet! You burn the hornet.
The hornet is heavily wounded.
You feel sick. The hornet barely misses you. The hornet stings you.
* * * LOW HITPOINT WARNING * * *
You feel yourself slow down.
You barely miss the hornet.
The hornet is heavily wounded.
You feel sick. The hornet stings you!
* * * LOW HITPOINT WARNING * * *
You feel as though you will be slow longer.
The hornet barely misses you.
You closely miss the hornet.
The hornet is heavily wounded.
* * * LOW HITPOINT WARNING * * *
You feel sick. The hornet barely misses you.
The howler monkey hoots and howls with incredible vigour!
The hornet stings you.
* * * LOW HITPOINT WARNING * * *
You feel as though you will be slow longer.
You hear an angry hiss.
You hear an angry growl.
You hear an angry hiss. x2
You hit the hornet but do no damage.
The hornet is heavily wounded.
You hit the kobold. You burn the kobold.
You kill the kobold!
You die...

Skill      XL: |  1  2  3  4  5 |
---------------+----------------+-----
Axes           | 3 4 7 8 |  8.4
Fighting       | |  3.6
Armour         | |  3.2
Shields        | |  3.2

Action                     |  1- 3 |  4- 6 || total
---------------------------+-------+-------++-------
  Melee: War axe           |    80 |    65 ||   145
  Evoke: Wand              |       |     1 ||     1
    Use: Scroll            |     5 |     4 ||     9
         Potion            |     2 |     2 ||     4
 Armour: Scale mail        |    34 |    38 ||    72
  Dodge: Dodged            |    35 |    40 ||    75

Levels and vault maps discovered:
D:1:      lemuel_arrival_river_bridge, layout_loops_ring, serial_bayou_pond_a
D:2:      wad_lake_hut, layout_loops_ring, serial_shops, shop
D:3:      layout_basic, dk_noncrumbling_3, item_on_display_a
D:4:      layout_cave_pods, minmay_vboxes

Notes
Turn   | Place    | Note
-------+----------+-------------------------------------------
     0 | D:1      | demibob the Hill Orc Fighter began the quest for the Orb.
     0 | D:1      | Reached XP level 1. HP: 19/19 MP: 1/1
    40 | D:1      | Reached skill level 3 in Axes
   133 | D:1      | Reached XP level 2. HP: 24/26 MP: 2/2
   238 | D:1      | Reached skill level 4 in Axes
   499 | D:1      | Reached XP level 3. HP: 28/31 MP: 3/3
  1095 | D:2      | Reached skill level 5 in Axes
  1173 | D:2      | Found Miefoh's Armour Emporium.
  1255 | D:2      | Identified the +0 robe "Qiqa" {Will+}
  1709 | D:3      | Noticed an ice beast
  1719 | D:3      | Killed an ice beast
  1720 | D:3      | Reached skill level 7 in Axes
  1720 | D:3      | Reached XP level 4. HP: 6/39 MP: 4/4
  1720 | D:3      | Reached XP level 5. HP: 7/45 MP: 5/5
  2512 | D:4      | Reached skill level 8 in Axes
  2512 | D:4      | Reached XP level 6. HP: 45/51 MP: 6/6
  2629 | D:4      | Noticed a hornet
  2642 | D:4      | Paralysed by a hornet for 3 turns
  2650 | D:4      | HP: 4/51 [hornet (8)]
  2651 | D:4      | HP: 1/51 [hornet (2)]
  2652 | D:4      | Succumbed to a hornet's poison

Vanquished Creatures
  An ice beast (D:3)
  A scorpion (D:4)
  An orc wizard (D:4)
  3 adders
  A worm (D:4)
  A dart slug (D:1)
  7 orcs
  3 bats
  3 endoplasms
  A giant cockroach (D:3)
  7 goblins
  4 hobgoblins
  9 kobolds
  3 quokkas
  7 ball pythons
  A frilled lizard (D:1)
  8 rats
61 creatures vanquished.

Vanquished Creatures (others)
  3 plants (D:1)
3 creatures vanquished.

Grand Total: 64 creatures vanquished

Table legend: (Time is in decaauts)
 A = Elapsed time spent in this place.
 B = Non-inter-level travel time spent in this place.
 C = Inter-level travel time spent in this place.
 D = Time resting spent in this place.
 E = Time spent auto-exploring this place.
 F = Levels seen in this place.
 G = Mean time per level.
                   A        B        C        D        E       F      G
               +--------+--------+--------+--------+--------+-----+--------+
         Total |   2725 |   2637 |     88 |    103 |   2073 |   4 |  681.2 |
       Dungeon |   2725 |   2637 |     88 |    103 |   2073 |   4 |  681.2 |
               +--------+--------+--------+--------+--------+-----+--------+

Top non-repeatable levels by time:
     D:2: 1005 daAuts
     D:1: 738 daAuts
     D:3: 694 daAuts
     D:4: 286 daAuts

Table legend:
 A = Non-vault XP
 B = Vault XP
 C = Vault XP percentage of total XP
 D = Non-vault monster count
 E = Vault monster count
 F = Vault count percentage of total count
                 A         B        C        D         E       F
            +---------+---------+-------+---------+---------+-------
      Total |     393 |       0 |   0.0 |      61 |       0 |   0.0
            +---------+---------+-------+---------+---------+-------
        D:1 |      37 |       0 |   0.0 |      22 |       0 |   0.0
        D:2 |      28 |       0 |   0.0 |       8 |       0 |   0.0
        D:3 |     158 |       0 |   0.0 |      12 |       0 |   0.0
        D:4 |     170 |       0 |   0.0 |      19 |       0 |   0.0
            +---------+---------+-------+---------+---------+-------
